 Dungeon Crawl Stone Soup version 0.16.2-2-g470672f (webtiles) character file.

184 monobi the Cudgeler (level 5, 0/41 HPs)
             Began as a Minotaur Wanderer on Sept 4, 2015.
             Slain by Grinder (6 damage)
             ... on level 4 of the Dungeon.
             The game lasted 00:07:28 (3499 turns).

monobi the Cudgeler (Minotaur Wanderer)             Turns: 3499, Time: 00:07:30

Health: 0/41       AC:  3    Str: 16    XL:     5   Next: 36%
Magic:  2/2        EV:  9    Int:  9    God:
Gold:   191        SH:  8    Dex: 11    Spells: 0 memorised, 4 levels left

rFire  . . .     SeeInvis .     b - +0 mace
rCold  . . .     Clarity  .     j - -1 leather armour
rNeg   . . .     SustAb   .     a - +0 shield
rPois  .         Gourm    .     (helmet restricted)
rElec  .         Spirit   .     (no cloak)
rCorr  +         Warding  .     q - +0 pair of gloves
rMut   .         Stasis   .     (no boots)
MR     .....                    m - amulet of resist corrosion
Stlth  +.........               (no ring)
                                (no ring)

@: not resistant to hostile enchantments, very unstealthy
A: retaliatory headbutt, horns 2
a: no special abilities


You were on level 4 of the Dungeon.
You were hungry.

You visited 1 branch of the dungeon, and saw 4 of its levels.

You collected 191 gold pieces.

Inventory:

Hand weapons
 b - a +0 mace (weapon)
 c - a +2 scythe of venom
Armour
 a - a +0 shield (worn)
 d - a +0 robe
 j - a -1 leather armour (worn)
 q - a +0 pair of gloves (worn)
Jewellery
 m - an amulet of resist corrosion (around neck)
Scrolls
 g - a scroll of random uselessness
 i - a scroll of magic mapping
 l - 3 scrolls of remove curse
 o - a scroll of enchant weapon {unknown}
 p - 2 scrolls of enchant armour
Potions
 e - a potion of restore abilities {unknown}
 h - a potion of degeneration {unknown}
 n - a potion of cancellation {unknown}
Comestibles
 f - 3 bread rations
 k - 3 fruits
 r - 2 chunks of flesh
 s - a meat ration


   Skills:
 + Level 1.7 Fighting
 * Level 5.5 Maces & Flails
 + Level 2.8 Armour
 + Level 2.5 Dodging
 + Level 1.4 Stealth
 + Level 2.3 Shields
   Level 1.3 Summonings
   Level 1.0 Ice Magic


You had 4 spell levels left.
You didn't know any spells.

Dungeon Overview and Level Annotations

Branches:
Dungeon (4/15)
 Temple: D:4-7

Altars:
Ashenzari
Gozag
Kikubaaqudgha
Okawaru
Qazlal
Sif Muna
Vehumet
Zin

Annotations:
D:4 Grinder


Innate Abilities, Weirdness & Mutations

You reflexively headbutt those who attack you in melee.
You have a pair of horns on your head.


Message History

Grinder gestures.
Grinder blinks!
The bat hits you but does no damage. The sky beast hits you.
The sky beast shocks you.
You completely miss the sky beast.
The sky beast is moderately wounded.
The bat closely misses you. x2
You furiously retaliate!
You headbutt the bat.
You kill the bat!
The sky beast hits you but does no damage.
You hit the sky beast but do no damage.
The sky beast is moderately wounded.
The sky beast hits you. The sky beast shocks you.
You closely miss the sky beast.
The sky beast is moderately wounded.
The sky beast flickers out of sight!
Deactivating autopickup; reactivate with Ctrl-A.
Something hits you. Something shocks you. Grinder hits you!
* * * LOW HITPOINT WARNING * * *
You writhe in agony.
You die...

... .........
...#.......
....#........
...............
..............
.............
#.#{5........
###...@†........ .
.......##.........
......###...#......... #
#............(....)... #
#...............###### #
###...............#
###.................#
##..................####
........................


You could see Grinder.

Vanquished Creatures
  Sigmund (D:3)
  A worker ant (D:4)
  4 adders
  10 bats
  2 giant cockroaches
  8 goblins
  7 hobgoblins
  5 kobolds
  2 giant geckos
  A giant newt (D:1)
  8 jackals
  A quokka (D:2)
  3 rats
53 creatures vanquished.

Notes
Turn   | Place    | Note
--------------------------------------------------------------
     0 | D:1      | monobi, the Minotaur Wanderer, began the quest for the Orb.
     0 | D:1      | monobi set off with: a +0 shield, a +0 mace, a potion of curing, a +0 robe, a bread ration
     0 | D:1      | Reached XP level 1. HP: 14/14 MP: 1/1
   414 | D:1      | Reached skill level 4 in Maces & Flails
   783 | D:1      | Reached XP level 2. HP: 7/20 MP: 1/1
  1637 | D:2      | Found a shattered altar of Ashenzari.
  1815 | D:2      | Found an opulent altar of Gozag.
  1928 | D:2      | Reached XP level 3. HP: 23/26 MP: 2/2
  1980 | D:2      | Found a radiant altar of Vehumet.
  1984 | D:2      | Found an iron altar of Okawaru.
  1988 | D:2      | Found a glowing silver altar of Zin.
  1988 | D:2      | Found an ancient bone altar of Kikubaaqudgha.
  1994 | D:2      | Found a deep blue altar of Sif Muna.
  1995 | D:2      | Found a stormy altar of Qazlal.
  2177 | D:3      | Reached skill level 1 in Dodging
  2630 | D:3      | Noticed Sigmund
  2640 | D:3      | Killed Sigmund
  2640 | D:3      | Reached skill level 1 in Fighting
  2640 | D:3      | Reached skill level 5 in Maces & Flails
  2640 | D:3      | Reached XP level 4. HP: 23/35 MP: 2/2
  2640 | D:3      | Reached XP level 5. HP: 26/40 MP: 2/2
  3485 | D:4      | Noticed Grinder
  3491 | D:4      | Noticed a sky beast
  3499 | D:4      | Slain by Grinder

Action                   |  1- 3 |  4- 6 || total
-------------------------+-------+-------++-------
Melee: Mace              |   109 |    48 ||   157
  Use: Potion            |     4 |       ||     4
       Scroll            |     5 |       ||     5
 Stab: Distracted        |     1 |       ||     1
       Sleeping          |     1 |       ||     1
  Eat: Chunk             |     4 |     2 ||     6
       Beef jerky        |     1 |       ||     1
